Map: Ephemeron LE

Players

Mez - Winner!

  • Race: Terran Terran
  • League: Master
  • Spawn Location: 5:00

BadKarDar

  • Race: Terran Terran
  • League: Master
  • Spawn Location: 11:00

VOD

Have the link to the VOD?

Description

Time

  • Played on: Aug. 21, 2019, 5 p.m.
  • Length: 17:01
Show
View Real Time Build Order
Export as new Build Order

Mez Terran - Winner!

Build Orders: Cyclone Opening 

Get SALT Encoding   

  12  0:01  SCV  
  13  0:13  SCV  
  14  0:19  Supply Depot  
  14  0:25  SCV  
  15  0:29  Refinery  
  15  0:40  SCV  
  16  0:46  Barracks  
  16  0:52  SCV  
  17  1:01  Refinery  
  17  1:04  SCV  
  18  1:19  SCV  
  20  1:40  Factory, Reaper  
  20  1:44  Orbital Command  
  20  2:05  Supply Depot  
  20  2:10  SCV  
  20  2:12  Reaper  
  22  2:22  SCV  
  23  2:25  Factory Tech Lab  
  23  2:34  Command Center  
  23  2:44  SCV  
  23  2:45  Barracks Reactor  
  23  2:46  Cyclone  
  27  2:54  Starport  
  27  3:01  Supply Depot  
  27  3:09  SCV  
  28  3:23  SCV  
  28  3:25  Marine x2  
  28  3:26  Factory Tech Lab  
  31  3:35  SCV  
  31  3:38  Refinery  
  32  3:43  Marine x2, Raven  
  32  3:45  Orbital Command  
  32  3:47  SCV  
  36  3:59  SCV  
  37  4:05  Factory Reactor  
  37  4:06  Barracks  
  37  4:11  SCV, Barracks  
  37  4:12  SCV  
  39  4:19  Marine x2  
  41  4:25  SCV x2  
  43  4:32  Raven  
  43  4:37  SCV x2  
  47  4:40  Supply Depot  
  47  4:49  SCV  
  47  4:51  Marine x2  
  47  4:52  SCV  
  51  4:55  Stimpack  
  51  5:01  SCV  
  51  5:04  SCV  
  51  5:06  Supply Depot  
  53  5:07  Marine, Supply Depot  
  53  5:08  Marine x2  
  53  5:09  Marine  
  53  5:12  Marine  
  53  5:13  SCV  
  59  5:16  SCV  
  60  5:21  Starport Reactor  
  60  5:29  SCV x2  
  60  5:31  Marine x3  
  65  5:39  Siege Tank  
  68  5:43  SCV x2  
  68  5:45  Command Center  
  68  5:48  Supply Depot  
  70  5:51  Supply Depot  
  70  5:55  SCV  
  71  5:59  Medivac x2  
  71  6:01  Marine x3  
  78  6:07  Refinery  
  78  6:09  Marine, SCV x2  
  81  6:16  Engineering Bay  
  81  6:17  Supply Depot  
  81  6:18  Engineering Bay  
  81  6:21  Supply Depot  
  81  6:23  Marine  
  81  6:24  Marine x2  
  84  6:32  SCV x2  
  86  6:35  Marine x2, Combat Shield  
  86  6:39  Siege Tank  
  91  6:41  Marine  
  91  6:42  Medivac  
  94  6:48  Marine x2  
  94  6:49  Terran Infantry Weapons Level 1  
  96  6:56  Orbital Command  
  96  6:59  Marine x3  
  99  7:03  SCV, Terran Infantry Armor Level 1  
  99  7:05  SCV  
  101  7:09  Supply Depot  
  101  7:12  Supply Depot  
  101  7:14  Marine x2  
  103  7:17  Siege Tank  
  103  7:21  SCV x2  
  91  7:39  Marine  
  91  7:40  Marine x4  
  82  7:50  Medivac x2  
  82  7:51  Barracks, SCV x2  
  79  7:54  Barracks  
  79  7:57  Marine  
  79  7:58  Marine x4, Supply Depot  
  84  7:59  Supply Depot  
  84  8:09  Concussive Shells  
  84  8:12  SCV x2  
  86  8:13  SCV  
  86  8:14  Refinery  
  86  8:15  Marine  
  86  8:18  Marine x4  
  86  8:19  Armory  
  92  8:20  Siege Tank  
  92  8:22  Medivac  
  92  8:24  SCV x2  
  92  8:26  Medivac  
  101  8:33  Marine  
  102  8:34  SCV  
  102  8:36  Marine, SCV  
  105  8:44  Marine x2, Barracks Reactor  
  107  8:49  Marine x3  
  107  8:50  Command Center  
  107  8:51  Marine  
  107  8:52  Siege Tank  
  110  9:02  Marine  
  110  9:03  Marine x2  
  110  9:05  Medivac x2  
  110  9:06  SCV x3  
  110  9:08  Marauder  
  110  9:09  Refinery  
  122  9:24  Siege Tank  
  122  9:29  Barracks Tech Lab  
  122  9:30  Terran Infantry Armor Level 2, Terran Infantry Weapons Level 2, Barracks Tech Lab  
  125  9:37  Starport x2  
  125  9:45  Marine x2  
  125  9:46  Marine x2, Marauder  
  125  9:51  Viking  
  125  9:52  Viking  
  135  9:55  Marauder  
  135  9:56  Siege Tank, Marauder  
  142  10:10  Marine x2  
  142  10:11  Marine x2, Marauder  
  142  10:14  Planetary Fortress  
  148  10:17  Marauder  
  150  10:23  Marauder, Viking  
  150  10:24  Starport Reactor, Viking, Starport Tech Lab  
  150  10:27  Terran Ship Weapons Level 1  
  156  10:32  Marauder  
  158  10:40  Refinery  
  158  10:44  Refinery  
  158  10:50  Marine x3, Marauder x2  
  158  10:51  Viking  
  158  10:53  Marauder, Viking  
  171  11:11  Viking  
  172  11:12  Supply Depot, Viking  
  172  11:18  Viking  
  167  11:19  Thor  
  171  11:26  Missile Turret  
  171  11:29  Viking  
  172  11:34  SCV x4  
  176  11:43  Missile Turret  
  176  11:46  SCV  
  177  11:48  Missile Turret  
  177  11:50  Viking, Missile Turret x2  
  177  11:51  Missile Turret  
  179  11:54  Viking x2  
  180  12:06  Liberator  
  180  12:09  Marine, Marauder x3  
  158  12:23  Viking x2  
  165  12:31  Marauder  
  135  12:54  Viking x4  
  129  13:01  Starport  
  129  13:03  Starport  
  129  13:04  Starport  
  125  13:06  Viking  
  125  13:07  Missile Turret  
  127  13:16  Command Center  
  127  13:17  Marauder x3  
  133  13:24  Viking  
  133  13:26  Liberator x2  
  135  13:30  Fusion Core  
  135  13:40  Marauder x3  
  135  13:41  Marine x2  
  141  13:42  Liberator x2, Viking x3  
  150  13:57  Marine  
  150  13:59  Viking  
  150  14:01  Marauder  
  150  14:02  Marauder  
  159  14:05  Liberator x2  
  159  14:19  Marine x2, Marauder  
  159  14:20  Siege Tank  
  159  14:23  Marauder x2, Viking  
  178  14:25  Liberator x4  
  148  14:40  Marine x3  
  148  14:41  Liberator x2, Marauder  
  157  14:46  Planetary Fortress  
  158  15:09  Refinery  
  139  15:22  Viking  
  139  15:23  Viking  
  139  15:25  Viking  
  145  15:35  Viking x2  
  145  15:36  Viking  
  145  15:37  Marine x2, Marauder x3  
  159  15:58  Marauder  
  159  16:14  Marine x2, Marauder x2  
  165  16:20  Marauder  
  179  16:35  Marauder x2  
Show
View Real Time Build Order
Export as new Build Order

BadKarDar Terran 

Build Orders: Gas First Reaper Expand, Mech 

Get SALT Encoding   

  12  0:00  SCV  
  13  0:12  SCV  
  14  0:17  Supply Depot  
  14  0:25  SCV  
  15  0:30  Refinery  
  15  0:38  SCV  
  16  0:46  Barracks  
  16  0:51  SCV  
  17  1:03  SCV  
  18  1:15  SCV  
  18  1:27  SCV  
  19  1:38  Command Center  
  19  1:42  Reaper  
  20  1:53  Orbital Command  
  20  2:04  Factory  
  20  2:14  Supply Depot  
  20  2:15  Reaper  
  21  2:23  Refinery  
  21  2:26  SCV  
  22  2:38  SCV  
  23  2:47  Reaper  
  23  2:48  Factory Tech Lab  
  23  2:50  SCV  
  23  2:51  Orbital Command  
  25  3:02  SCV  
  26  3:06  Cyclone  
  29  3:14  SCV  
  29  3:16  SCV  
  29  3:19  Marine  
  32  3:20  Orbital Command  
  32  3:21  Starport  
  32  3:26  SCV  
  33  3:39  SCV  
  33  3:40  Cyclone  
  37  3:51  SCV  
  37  3:55  SCV  
  38  3:58  Starport Reactor  
  38  4:02  Command Center  
  38  4:03  SCV  
  39  4:11  SCV  
  39  4:12  Siege Tank  
  39  4:14  Supply Depot  
  39  4:15  Marine, SCV  
  45  4:23  SCV  
  46  4:36  SCV x2  
  48  4:39  Refinery x2  
  48  4:42  Viking x2  
  52  4:48  SCV x2  
  54  4:56  Supply Depot  
  54  4:57  Supply Depot  
  54  5:13  Siege Tank, SCV x2  
  59  5:16  Orbital Command  
  59  5:17  Viking x2  
  63  5:23  Supply Depot  
  63  5:25  SCV x2  
  65  5:33  Orbital Command  
  65  5:37  SCV x2  
  65  5:42  Factory x2  
  67  5:49  Siege Tank  
  72  5:50  SCV x2, Refinery  
  72  5:51  Refinery  
  72  5:54  Marine  
  73  6:02  SCV x2  
  73  6:03  Viking  
  77  6:07  Viking  
  77  6:10  SCV  
  80  6:17  SCV  
  80  6:18  SCV  
  82  6:21  Siege Tank  
  82  6:22  SCV  
  86  6:26  Factory Tech Lab x2  
  86  6:28  Factory Reactor  
  86  6:29  SCV  
  86  6:30  SCV  
  88  6:34  SCV  
  89  6:40  Supply Depot  
  89  6:48  SCV x3  
  89  6:49  Engineering Bay  
  89  6:52  Siege Tank  
  95  6:57  Siege Tank  
  98  7:02  Viking  
  98  7:03  Viking  
  98  7:04  SCV  
  98  7:06  SCV  
  98  7:07  SCV  
  105  7:16  SCV, Hellion  
  105  7:19  SCV  
  105  7:21  SCV  
  109  7:29  SCV  
  107  7:31  Siege Tank  
  107  7:33  Siege Tank  
  87  7:44  Viking x2  
  86  7:52  Hellion x2  
  86  7:55  SCV  
  86  7:57  Starport  
  91  7:58  Starport  
  91  7:59  Fusion Core  
  91  8:00  SCV  
  91  8:03  Siege Tank  
  96  8:07  Siege Tank  
  96  8:08  SCV  
  99  8:14  Hellion x2  
  103  8:21  SCV x2  
  105  8:31  Command Center  
  105  8:35  Sensor Tower, Starport Tech Lab x2  
  105  8:37  Hellion x2  
  109  8:51  Sensor Tower  
  109  8:55  SCV  
  109  9:10  Sensor Tower  
  109  9:27  SCV x2  
  109  9:34  Siege Tank, SCV, Hellion x2  
  117  9:43  Siege Tank, Battlecruiser x2  
  117  9:44  Command Center  
  132  9:56  Supply Depot  
  132  9:58  Supply Depot  
  132  10:17  SCV x3  
  132  10:18  Hellion x2  
  132  10:19  Siege Tank x2  
  145  10:29  SCV  
  145  10:31  SCV x2, Refinery  
  145  10:33  Armory  
  145  10:35  Armory  
  146  10:41  SCV  
  141  10:43  SCV  
  141  10:47  Battlecruiser  
  148  10:56  Battlecruiser  
  148  10:57  Viking x2  
  158  11:11  SCV x3  
  159  11:14  Command Center  
  161  11:33  Viking  
  161  11:35  Starport  
  163  11:54  Viking  
  163  11:55  SCV  
  163  12:11  Hellion  
  163  12:12  Viking  
  163  12:15  Siege Tank  
  163  12:16  Hellion  
  163  12:18  Hellion  
  163  12:22  Starport Reactor  
  161  12:25  SCV, Battlecruiser x2  
  161  12:26  SCV  
  161  12:27  Starport  
  159  12:37  Orbital Command  
  159  12:39  Siege Tank  
  139  12:50  Hellion x2  
  132  12:54  SCV x2  
  132  12:56  Siege Tank  
  137  13:03  SCV  
  137  13:04  Armory  
  138  13:06  SCV x2, Armory  
  138  13:08  Planetary Fortress  
  140  13:16  SCV  
  140  13:18  SCV  
  140  13:19  Hellion x2, Viking x2  
  150  13:20  Viking x2  
  150  13:21  SCV  
  155  13:28  SCV  
  155  13:33  SCV  
  155  13:34  SCV  
  158  13:35  Refinery  
  158  13:37  Refinery  
  158  13:44  Siege Tank, Hellion x2  
  158  13:48  Sensor Tower  
  165  13:52  Viking x3  
  165  13:54  SCV  
  172  13:57  Command Center, SCV x2  
  172  14:00  SCV  
  175  14:06  SCV  
  175  14:09  SCV x2  
  178  14:27  SCV x2  
  178  14:29  Hellion x2  
  178  14:30  Viking  
  178  14:32  SCV, Viking  
  178  14:34  Viking  
  178  14:35  Battlecruiser  
  173  14:42  Hellion x2  
  159  14:55  Battlecruiser  
  165  15:03  Thor  
  163  15:13  Viking  
  163  15:14  Viking x3  
  146  15:30  Hellion x2  
  142  15:37  Starport  
  142  15:38  Starport  
  142  15:39  Viking  
  142  15:42  SCV x2  
  140  15:43  Viking  
  140  15:46  Viking  
  140  15:47  Viking x2  
  146  15:58  Thor  
  146  16:00  Hellion x2  
  154  16:08  Missile Turret x2  
  154  16:09  Missile Turret  
  154  16:10  Missile Turret x2  
  154  16:12  Thor, Missile Turret  
  154  16:14  Starport Reactor  
  154  16:16  Missile Turret  
  160  16:18  Missile Turret x2  
  160  16:24  Viking  
Tags
 
Add a new tag
Caveats
  • Supply blocks, unpowered buildings, or Contaminate may cause inaccurate times.
  • Supply counts are checked every 10 seconds.